 Dungeon Crawl Stone Soup version 0.17.1-3-g152610e (webtiles) character file.

238 Urist the Bolt Thrower (level 5, -2/46 HPs)
             Began as a Draconian Wanderer on Apr 7, 2016.
             Slain by an ogre
             ... wielding a +0 giant club
              (25 damage)
             ... on level 4 of the Dungeon.
             The game lasted 00:10:29 (2317 turns).

Urist the Bolt Thrower (Draconian Wanderer)         Turns: 2317, Time: 00:10:29

Health: -2/46      AC:  5    Str: 15    XL:     5   Next: 78%
Magic:  5/5        EV:  9    Int: 14    God:
Gold:   134        SH:  9    Dex:  9    Spells: 0 memorised, 4 levels left

rFire  . . .     SeeInvis .     b - +1 hand crossbow
rCold  . . .     Clarity  .     (armour unavailable)
rNeg   . . .     SustAt   .     a - +1 shield
rPois  .         Gourm    .     (helmet restricted)
rElec  .         Spirit   .     (no cloak)
rCorr  .         Warding  .     (no gloves)
rMut   .         Stasis   .     (no boots)
MR     .....                    (no amulet)
Stlth  +.........               (no ring)
                                (no ring)

@: not resistant to hostile enchantments, very unstealthy
A: unfitting armour, cold-blooded, AC +5
a: no special abilities


You were on level 4 of the Dungeon.
You were not hungry.

You visited 1 branch of the dungeon, and saw 4 of its levels.

You collected 134 gold pieces.

Inventory:

Hand Weapons
 b - a +1 hand crossbow (weapon)
Missiles
 g - 2 bolts (quivered)
 h - 7 bolts of frost
Armour
 a - a +1 shield (worn)
Scrolls
 c - a scroll of enchant weapon
 i - a scroll of fear
 j - a scroll of amnesia
 k - a scroll of identify
 o - a scroll of immolation {unknown}
Potions
 d - a potion of curing
 n - a potion of brilliance
Books
 m - a book of Annihilations

   Spells                             Type                      Level
   a - Poison Arrow                   Conjuration/Poison           6
   b - Chain Lightning                Conjuration/Air              8
   c - Lehudib's Crystal Spear        Conjuration/Earth            8
   d - Glaciate                       Conjuration/Ice              9
   e - Fire Storm                     Conjuration/Fire             9
Comestibles
 e - a bread ration
 f - 2 meat rations
 q - a beef jerky
 s - a slice of pizza


   Skills:
 * Level 4.0 Fighting
   Level 2.0 Axes
 * Level 4.9 Crossbows
 * Level 1.3 Dodging
 + Level 0.4 Stealth
 * Level 2.8 Shields


You had 4 spell levels left.
You didn't know any spells.

Dungeon Overview and Level Annotations

Branches:
Dungeon (4/15)
 Temple: D:4-7

Altars:
Ashenzari
Gozag
Makhleb
Nemelex Xobeh
Xom
Zin
The Shining One


Innate Abilities, Weirdness & Mutations

Your plain brown scales are hard (AC +5).
Your body does not fit into most forms of armour.
You are cold-blooded and may be slowed by cold attacks.


Message History

Firing (i - inventory. (,) - cycle):
g - 4 bolts (quivered)
Press: ? - help, Shift-Dir - straight line, f/p - giant gecko
Aim: a giant gecko (clinging)
You shoot a bolt. The bolt hits the giant gecko.
The giant gecko is heavily wounded.
You block the giant gecko's attack. The giant gecko bites you.
Firing (i - inventory. (,) - cycle):
g - 3 bolts (quivered)
Press: ? - help, Shift-Dir - straight line, f/p - giant gecko
Aim: a giant gecko (heavily wounded, clinging)
You shoot a bolt. The bolt hits the giant gecko!
You kill the giant gecko!
The ogre hits you with a giant club!!
Read which item? (? for menu, Esc to quit)
As you read the scroll labeled VUNEPR ERAT, it crumbles to dust.
It is a scroll of enchant armour.
Enchant which item? (? for menu, Esc to quit)
Your +0 shield glows green for a moment.
The ogre hits you with a giant club!!
Ouch! That really hurt!
You die...

...........##..
..............#
.............#
.............
#......?....
#.........#
#......O#
#.....@#
##...(## #....
##<.. #... #(..
####


You could see an ogre.

Vanquished Creatures
  A crimson imp (D:2)
  4 gnolls
  7 adders
  An ooze (D:1)
  5 worms
  6 giant geckos
  3 orcs (D:3)
  7 giant cockroaches
  4 hobgoblins
  10 jackals
  9 bats
  4 giant newts
  11 goblins
  3 kobolds
  3 rats
78 creatures vanquished.

Notes
Turn   | Place    | Note
--------------------------------------------------------------
     0 | D:1      | Urist the Draconian Wanderer began the quest for the Orb.
     0 | D:1      | Urist set off with: a +0 shield, a +0 hand crossbow, 21 bolts, a potion of curing, a bread ration
     0 | D:1      | Reached XP level 1. HP: 19/19 MP: 1/1
   105 | D:1      | Reached XP level 2. HP: 26/26 MP: 2/2
   427 | D:1      | Reached skill level 4 in Fighting
   453 | D:1      | Reached XP level 3. HP: 26/33 MP: 3/3
   809 | D:2      | Found a shattered altar of Ashenzari.
  1100 | D:2      | Found a glowing silver altar of Zin.
  1100 | D:2      | Found a shimmering altar of Xom.
  1100 | D:2      | Noticed an angel
  1102 | D:2      | Reached XP level 4. HP: 40/40 MP: 4/4
  1123 | D:2      | Found an opulent altar of Gozag.
  1277 | D:2      | Found a sparkling altar of Nemelex Xobeh.
  1277 | D:2      | Found a glowing golden altar of the Shining One.
  1436 | D:2      | Found a burning altar of Makhleb.
  1441 | D:2      | Reached skill level 1 in Dodging
  1441 | D:2      | Reached XP level 5. HP: 46/46 MP: 5/5
  2286 | D:4      | Noticed an ogre
  2313 | D:4      | Noticed an ogre
  2317 | D:4      | Slain by an ogre

Action                   |  1- 3 |  4- 6 || total
-------------------------+-------+-------++-------
 Fire: Hand crossbow     |    93 |   126 ||   219
  Use: Scroll            |       |    10 ||    10
       Potion            |       |     3 ||     3
  Eat: Meat ration       |       |     1 ||     1
